 Dungeon Crawl Stone Soup version 0.27-a0-103-g6cd7b45605 (webtiles) character file.

Game seed: 9746725515571717603

897 Aggronaut the Cleaver (level 8, 0/67 HPs)
             Began as a Hill Orc Berserker on Jan 23, 2021.
             Was a Priest of Trog.
             Slain by a gnoll
             ... wielding a +2 spear of distortion
              (19 damage)
             ... on level 4 of the Dungeon.
             The game lasted 00:14:16 (3936 turns).

Aggronaut the Cleaver (Hill Orc Berserker)          Turns: 3936, Time: 00:14:16

Health: 0/67       AC:  8    Str: 22    XL:     8   Next: 7%
Magic:  8/8        EV: 11    Int:  7    God:    Trog [***...]
Gold:   247        SH:  0    Dex: 16    Spells: 7/7 levels left

rFire    . . .     SeeInvis .   a - +0 hand axe
rCold    . . .     Faith    .   (no shield)
rNeg     . . .     Spirit   .   g - +0 ring mail
rPois    .         Reflect  .   (no helmet)
rElec    .         Harm     .   c - +1 cloak
rCorr    .         Rampage  .   (no gloves)
Will     .....                  B - +0 pair of boots
Stlth    ++........             (no amulet)
HPRegen  0.21/turn              d - +6 ring of dexterity
MPRegen  0.11/turn              (no ring)

@: lethally poisoned (0 -> -1), berserk cooldown, slowed, very slow
A: no striking features
a: Renounce Religion, Berserk, Trog's Hand


You were on level 4 of the Dungeon.
You worshipped Trog.
Trog was most pleased with you.
You visited 1 branch of the dungeon, and saw 4 of its levels.

You collected 247 gold pieces.

Inventory:

Hand Weapons
 a - a +0 hand axe (weapon)
Missiles
 r - 2 throwing nets
 A - 23 poisoned darts
Armour
 b - a +0 animal skin
 c - a +1 cloak (worn)
 g - a +0 ring mail (worn)
 B - a +0 pair of boots (worn)
Jewellery
 d - a +6 ring of dexterity (left hand)
 x - an uncursed amulet of the acrobat
Wands
 y - a wand of flame (18)
Scrolls
 f - a scroll of fear {unknown}
 i - 2 scrolls of blinking
 k - 2 scrolls of enchant armour {unknown}
 n - 3 scrolls of enchant weapon {unknown}
 o - a scroll of magic mapping {unknown}
 p - a scroll of remove curse
 v - a scroll of teleportation {unknown}
 w - a scroll of noise {unknown}
Potions
 j - a potion of invisibility
 m - a potion of mutation {unknown}
 q - a potion of attraction {unknown}
 s - a potion of curing
 t - a potion of haste {unknown}
 u - a potion of lignification {unknown}
 z - a potion of brilliance {unknown}
 C - a potion of resistance {unknown}


   Skills:
 - Level 4.3 Fighting
 + Level 11.0 Axes
 - Level 2.4 Armour
 - Level 1.8 Dodging
 + Level 2.5 Stealth


You had 7 spell levels left.
You didn't know any spells.
Your spell library was empty.

Dungeon Overview and Level Annotations

Branches:
Dungeon (4/15)
 Temple: D:4-7

Altars:
Trog

Annotations:
D:4 Sigmund


Message History

You struggle against the net.
You feel sick.
You tear a large gash into the net.
Your skin stops crawling.
You feel less strong-willed.
You feel sick. The gnoll hits you but does no damage.
You blink.
Unknown command.
You feel sick.
The gnoll shaman calls upon its god to heal the gnoll.
The gnoll is healed somewhat.
You see here 3 gold pieces.
You feel sick.
You see here 18 gold pieces.
A gnoll opens the door.
The gnoll misses you.
You slash the gnoll!
You kill the gnoll!
Trog accepts your kill.
You feel sick. The gnoll closely misses you.
Your Axes skill increases to level 11!
The gnoll closely misses you. The gnoll hits you but does no damage.
Space warps horribly around you!!
You die...

≈≈≈≈≈≈≈....≈≈≈≈≈≈≈≈≈≈≈≈≈≈≈≈≈≈≈...
≈≈≈≈))≈....≈≈≈≈≈≈≈≈≈≈≈≈#####≈≈...
.....))................#...#≈≈...
#######''''#############...#≈≈...
.....#....#...........#'###≈≈P..
....g'....'...........')#.≈≈≈...
.....#....#...........#)#.≈≈≈...
#######################.#.≈≈≈...
+.....(.......g@.#......#.≈≈≈...
#............gg#.#...)..#.≈≈≈...
#...........)gg#$##)###.#.≈≈≈...
#............))#$#....#.#.≈≈≈..P
#+############)###.)).#.#.≈≈≈...
#.....)).'..))#'###≈≈...
######################'#...#≈≈P..
........†..............#...#≈≈...
≈≈≈≈≈≈≈≈≈≈≈≈≈≈≈≈≈≈≈≈≈≈≈#####≈≈...


You could see a gnoll shaman and 4 gnolls.

Vanquished Creatures
  Edmund (D:4)
  Menkaure (D:4)
  A phantom (D:4)
  A gnoll sergeant (D:4)
  A hound (D:4)
  A gnoll shaman (D:4)
  Natasha (thrice) (D:2)
  25 gnolls
  2 adders (D:2)
  2 oozes
  A worm (D:3)
  3 dart slugs
  4 leopard geckos
  2 orcs
  5 giant cockroaches
  8 goblins
  11 hobgoblins
  16 jackals
  7 kobolds
  A quokka (D:3)
  3 bats
  5 frilled lizards
  A jackal skeleton (D:4)
  6 rats
111 creatures vanquished.

Vanquished Creatures (others)
  A plant (D:4)
1 creature vanquished.

Grand Total: 112 creatures vanquished

Notes
Turn   | Place    | Note
-------+----------+-------------------------------------------
     0 | D:1      | Aggronaut the Hill Orc Berserker began the quest for the
                  | Orb.
     0 | D:1      | Reached XP level 1. HP: 19/19 MP: 1/1
    15 | D:1      | You fall into a shaft and drop 1 floor!
    25 | D:2      | Reached XP level 2. HP: 27/27 MP: 2/2
   210 | D:1      | Reached XP level 3. HP: 12/33 MP: 3/3
  1013 | D:2      | Reached skill level 5 in Axes
  1041 | D:2      | Noticed Natasha
  1049 | D:2      | Killed Natasha
  1050 | D:2      | Reached XP level 4. HP: 41/41 MP: 4/4
  1144 | D:2      | Noticed Natasha
  1159 | D:2      | Killed Natasha
  1159 | D:2      | Reached ** piety under Trog
  1257 | D:2      | Reached skill level 6 in Axes
  1257 | D:2      | Reached skill level 1 in Stealth
  1405 | D:2      | Reached XP level 5. HP: 47/47 MP: 5/5
  1488 | D:2      | Found a bloodstained altar of Trog.
  1570 | D:2      | Noticed Natasha
  1578 | D:2      | Killed Natasha
  2373 | D:3      | Reached skill level 7 in Axes
  2659 | D:4      | Noticed Edmund
  2670 | D:4      | Killed Edmund
  2671 | D:4      | Reached skill level 8 in Axes
  2671 | D:4      | Reached XP level 6. HP: 53/53 MP: 6/6
  2722 | D:4      | Noticed Sigmund
  2726 | D:4      | Noticed a phantom
  2773 | D:4      | Killed a phantom
  2774 | D:4      | Reached XP level 7. HP: 18/60 MP: 7/7
  3057 | D:4      | Reached skill level 9 in Axes
  3087 | D:4      | Reached *** piety under Trog
  3390 | D:4      | Noticed Menkaure
  3406 | D:4      | Killed Menkaure
  3654 | D:4      | Reached skill level 10 in Axes
  3915 | D:4      | Reached XP level 8. HP: 67/67 MP: 8/8
  3936 | D:4      | Reached skill level 11 in Axes
  3936 | D:4      | Slain by a gnoll

Illustrated notes

Levels and vault maps discovered:
D:1:      lordsloth_arrival_two_stooges, layout_loops_ring
D:2:      kb_forest_paths, layout_basic, lemuel_doored_altar, uniq_natasha
D:3:      layout_basic, minmay_hedge_maze
D:4:      lemuel_castle_with_subvaults [lemuel_castle_interior_carwin_1],
          layout_cave_pools, minmay_quadrilaterals, uniq_edmund, uniq_sigmund,
          uniq_pikel, uniq_menkaure

Skill      XL: |  1  2  3  4  5  6  7  8 |
---------------+-------------------------+-----
Fighting       | 4 |  4.3
Axes           | 5 6 8 10 11 | 11.0
Stealth        | 1 2 |  2.5
Armour         | |  2.4
Dodging        | |  1.8

Action                   |  1- 3 |  4- 6 |  7- 9 || total
-------------------------+-------+-------+-------++-------
Melee: Hand axe          |    83 |   166 |   149 ||   398
Invok: Berserk           |     2 |     1 |     4 ||     7
       Trog's Hand       |       |       |     4 ||     4
  Use: Scroll            |       |       |     7 ||     7
       Potion            |       |       |     1 ||     1
 Stab: Sleeping          |     1 |     1 |       ||     2
       Distracted        |       |     1 |       ||     1
Armor: Animal skin       |     6 |       |       ||     6
       Ring mail         |    26 |    53 |    79 ||   158
Dodge: Dodged            |    37 |    84 |   152 ||   273

Table legend: (Time is in decaauts)
 A = Elapsed time spent in this place.
 B = Non-inter-level travel time spent in this place.
 C = Inter-level travel time spent in this place.
 D = Time resting spent in this place.
 E = Time spent auto-exploring this place.
 F = Levels seen in this place.
 G = Mean time per level.
                   A        B        C        D        E       F      G
               +--------+--------+--------+--------+--------+-----+--------+
         Total |   3998 |   3850 |    148 |    793 |   1957 |   4 |  999.5 |
       Dungeon |   3998 |   3850 |    148 |    793 |   1957 |   4 |  999.5 |
               +--------+--------+--------+--------+--------+-----+--------+

Top non-repeatable levels by time:
     D:4: 1300 daAuts
     D:2: 1128 daAuts
     D:1: 790 daAuts
     D:3: 779 daAuts
